 Dungeon Crawl Stone Soup version 0.28-a0-1087-gf3fc490d9d (webtiles) character file.

Game seed: 4579772804201093857

30 ducksouse the Ruffian (level 3, -10/28 HPs)
             Began as a Draconian Transmuter on Dec 11, 2021.
             Killed by divine providence
             ... invoked by an orc priest
              (15 damage)
             ... on level 2 of the Dungeon.
             The game lasted 00:10:38 (1999 turns).

ducksouse the Ruffian (Draconian Transmuter)        Turns: 1999, Time: 00:10:42

Health: -10/28     AC:  5    Str: 14    XL:     3   Next: 3%
Magic:  4/6        EV:  9    Int: 13    God:
Gold:   11         SH:  6    Dex: 11    Spells: 5/6 levels left

rFire   x . .      SeeInvis .   b - +0 dagger
rCold   + . .      Faith    .   j - +0 kite shield
rNeg    . . .      Spirit   .   (armour unavailable)
rPois   .          Reflect  .   (helmet currently unavailable)
rElec   .          Harm     .   (no cloak)
rCorr   .          Rampage  .   (no gloves)
Will    .....                   (boots currently unavailable)
Stlth   +.........              (no amulet)
HPRegen 0.09/turn               e - ring of ice
MPRegen 0.10/turn               (no ring)

@: appendages, very slightly contaminated
A: horns 2, talons 2, AC +5, unfitting armour, cold-blooded
a: End Transformation


You were on level 2 of the Dungeon.
You had temporarily grown beastly horns and talons.
You visited 1 branch of the dungeon, and saw 2 of its levels.

You collected 11 gold pieces.

Inventory:

Hand Weapons
 b - a +0 dagger (weapon)
Armour
 c - a +0 robe
 g - a +0 leather armour
 h - a +0 ring mail
 j - a +0 kite shield (worn)
 k - a +0 robe
Jewellery
 e - a ring of ice (left hand)
Scrolls
 a - a scroll of fog {unknown}
 f - a scroll of noise {unknown}


   Skills:
 + Level 1.3 Fighting
 + Level 0.4 Short Blades
 + Level 2.1 Dodging
 + Level 0.1 Stealth
 + Level 3.4 Unarmed Combat
 + Level 2.2 Spellcasting
 + Level 2.1 Transmutations


You had 5 spell levels left.
You knew the following spells:

 Your Spells              Type           Power      Damage    Failure   Level
a - Beastly Appendage     Tmut           14%        N/A       58%         1

Your spell library contained the following spells:

 Spells                   Type           Power      Damage    Failure   Level
 Wereblood                Tmut           7%         N/A       73%         2
 Spider Form              Tmut/Pois      4%         N/A       98%         3
 Ice Form                 Ice/Tmut       6%         N/A       100%        4


Dungeon Overview and Level Annotations

Branches:
Dungeon (2/15)

Altars:

Shops:
D:1 :?([


Innate Abilities, Weirdness & Mutations

You have temporarily grown beastly horns and talons.
Your plain brown scales are hard. (AC +5)
You cannot fit into any form of body armour.
You are cold-blooded and may be slowed by cold attacks.


Message History

You hit Terence but do no damage. You headbutt Terence.
You tail-slap Terence, but do no damage.
Terence is almost dead.
Terence hits you with a +0 mace. x2
You hit Terence but do no damage. Your kick misses Terence.
Terence is almost dead.
A bat comes into view.
Terence barely misses you.
You barely miss Terence.
Terence is almost dead.
Terence hits you with a +0 mace.
* * * LOW HITPOINT WARNING * * *
You hit Terence but do no damage.
Terence is almost dead.
You block Terence's attack. Terence hits you with a +0 mace.
* * * LOW HITPOINT WARNING * * *
There is an open door here.
You hit Terence. You headbutt Terence, but do no damage.
Terence is almost dead.
Your horns disappear.
Your talons disappear.
You block Terence's attack.
Casting: Beastly Appendage (safe; 58% risk of failure)
Confirm with . or Enter, or press ? or * to list all spells.
You miscast Beastly Appendage.
You are very lightly contaminated with residual magic.
Nothing appears to happen.
Terence barely misses you.
Casting: Beastly Appendage (safe; 58% risk of failure)
Confirm with . or Enter, or press ? or * to list all spells.
You grow a pair of large bovine horns.
Your feet morph into talons.
The orc priest shouts!
You hear a shout!
Terence hits you but does no damage.
You hear a shout!
You hit Terence but do no damage. You claw Terence, but do no damage.
You headbutt Terence.
You kill Terence!
You block the bat's attack.
The orc priest invokes the aid of Beogh against you.
Beogh smites you!
Ouch! That really hurt!
You die...

#..#.#.#....####.#.....#
#. ..#.#.##..<.....#...#
.. .##.# ##.##.#.### ...
. ......#... ###
..##.########... ##
##.#..<.....#
#......(.#..#
#........#..#^
#.@b..........
##)#..........
#o#..†.....#.
#.#.......... o
#.##########. .o. #.#
##..##o# #......#
#...#........#


You could see an orc priest, an orc and a bat.

Vanquished Creatures
  Terence (D:2)
  A worm (D:1)
  A dart slug (D:1)
  2 ball pythons (D:1)
  3 bats
  An endoplasm (D:1)
  A giant cockroach (D:1)
  2 goblins (D:1)
  3 hobgoblins (D:1)
  A quokka (D:1)
  5 kobolds (D:1)
  2 rats
23 creatures vanquished.

Vanquished Creatures (others)
  2 fungi (D:1)
2 creatures vanquished.

Grand Total: 25 creatures vanquished

Notes
Turn   | Place    | Note
-------+----------+-------------------------------------------
     0 | D:1      | ducksouse the Draconian Transmuter began the quest for the
                  | Orb.
     0 | D:1      | Reached XP level 1. HP: 16/16 MP: 3/3
   144 | D:1      | Found Ikhlyneor's Antique Armour Boutique.
   251 | D:1      | Reached XP level 2. HP: 22/23 MP: 3/5
   587 | D:1      | Found Dibed's Book Boutique.
   815 | D:1      | Found Igryops's Magic Scroll Boutique.
   887 | D:1      | Found Cyerilid's Antique Weapon Emporium.
  1668 | D:1      | Reached XP level 3. HP: 8/28 MP: 3/6
  1976 | D:2      | Noticed Terence
  1999 | D:2      | Killed Terence
  1999 | D:2      | Killed from afar by an orc priest

Illustrated notes

Levels and vault maps discovered:
D:1:      dpeg_cavernosity, layout_basic, serial_shops, shop, shop_statue,
          nicolae_shop_behind_doors, nicolae_square_shop
D:2:      layout_basic, hex_large, minivault_5, minmay_rat_hole, uniq_terence

Skill      XL: |  1  2 |
---------------+-------+-----
Dodging        | 2 |  2.1
Fighting       | |  1.3
Short Blades   | |  0.4
Stealth        | |  0.1
Unarmed Combat | |  3.4
Spellcasting   | |  2.2
Transmutations | |  2.1

Action                   || total
-------------------------++-------
Melee: Unarmed           ||    27
       Kick              ||    12
       Tailslap          ||    13
       Dagger            ||    78
       Headbutt          ||    10
       Punch             ||     1
 Cast: Beastly Appendage ||    12
  Use: Potion            ||     1
Armor: Skin              ||    54
Dodge: Dodged            ||   113
Block: Kite shield       ||     7

Table legend: (Time is in decaauts)
 A = Elapsed time spent in this place.
 B = Non-inter-level travel time spent in this place.
 C = Inter-level travel time spent in this place.
 D = Time resting spent in this place.
 E = Time spent auto-exploring this place.
 F = Levels seen in this place.
 G = Mean time per level.
                   A        B        C        D        E       F      G
               +--------+--------+--------+--------+--------+-----+--------+
         Total |   2004 |   2004 |      0 |    379 |    533 |   2 | 1002.0 |
       Dungeon |   2004 |   2004 |      0 |    379 |    533 |   2 | 1002.0 |
               +--------+--------+--------+--------+--------+-----+--------+

Top non-repeatable levels by time:
     D:1: 1921 daAuts
     D:2: 83 daAuts
